 Dungeon Crawl Stone Soup version 0.18-a0-1730-g73f0523 (webtiles) character file.

331 M4edhros the Sneak (level 6, -1/38 HPs)
             Began as an Octopode Artificer on Apr 10, 2016.
             Was a Follower of Pakellas.
             Slain by an orc (4 damage)
             ... on level 4 of the Dungeon.
             The game lasted 00:04:43 (3384 turns).

M4edhros the Sneak (Octopode Artificer)             Turns: 3384, Time: 00:04:44

Health: -1/38      AC:  1    Str:  8 (10) XL:     6   Next: 52%
Magic:  11/18      EV: 12    Int: 10 (11) God:    Pakellas [*.....]
Gold:   98         SH:  0    Dex: 12 (15) Spells: 0 memorised, 5 levels left

rFire  . . .     SeeInvis .     (no weapon)
rCold  . . .     Gourm    .     (no shield)
rNeg   . . .     Faith    .     (helmet restricted)
rPois  .         Spirit   .     (no amulet)
rElec  .         Dismiss  .     e - ring of magical power
rCorr  .         Reflect  .     k - ring of protection from magic (curse)
SustAt .         Harm     .     n - -3 ring of intelligence (curse)
MR     +....     Rnd*Tele +     q - ring of teleportation (curse)
Stlth  +++++.....               (no ring)
                                (no ring)
                                (no ring)
                                (no ring)

@: somewhat resistant to hostile enchantments, quite stealthy
A: almost no armour, amphibious, 8 rings, constrict 8, camouflage 1, gelatinous
body 1
a: Quick Charge, Renounce Religion


You were on level 4 of the Dungeon.
You worshipped Pakellas.
Pakellas was aware of your devotion.
You were not hungry.

You visited 1 branch of the dungeon, and saw 4 of its levels.

You collected 98 gold pieces.

Inventory:

Hand Weapons
 a - a +0 short sword
Missiles
 g - 57 stones (quivered)
 m - 48 sling bullets
 p - 5 javelins
Jewellery
 e - a ring of magical power (left tentacle)
 k - a cursed ring of protection from magic (right tentacle)
 n - a cursed -3 ring of intelligence (on tentacle)
 q - a cursed ring of teleportation (on tentacle)
Wands
 b - a wand of flame (10/48)
 c - a wand of enslavement (15/24)
 d - a wand of random effects (20/48)
Potions
 h - a potion of brilliance
 i - 2 potions of might
 l - a potion of agility
 u - a potion of curing
Comestibles
 f - 3 bread rations
 j - a meat ration
 o - a beef jerky
 r - a chunk of flesh


   Skills:
 - Level 1.0 Fighting
 - Level 1.0 Short Blades
 - Level 2.0 Dodging
 + Level 7.4 Stealth
 * Level 5.3 Evocations


You had 5 spell levels left.
You didn't know any spells.

Dungeon Overview and Level Annotations

Branches:
Dungeon (4/15)
 Temple: D:4-7

Altars:
Pakellas
Sif Muna


Innate Abilities, Weirdness & Mutations

You cannot wear most types of armour.
You are amphibious.
You can wear up to eight rings at the same time.
You can use your tentacles to constrict eight enemies at once.
Your skin changes colour to match your surroundings (Stealth).
Your rubbery body absorbs attacks (AC +1).


Message History

You tentacle-slap the orc but do no damage.
The orc is moderately wounded.
You constrict the orc. The orc hits you.
* * * LOW HITPOINT WARNING * * *
You tentacle-slap the orc but do no damage.
The orc is heavily wounded.
You constrict the orc, but do no damage.
The orc hits you.
* * * LOW HITPOINT WARNING * * *
Evoke which item? (* to show all) (? for menu, Esc to quit)
Zapping:
b - a wand of flame (11/48)
Press: ? - help, Shift-Dir - straight line, f - orc
Aim: an orc, wearing a chain mail (heavily wounded, constricted by you)
The puff of flame hits the orc.
The orc is severely wounded.
This wand has 10 charges left.
You constrict the orc, but do no damage.
The orc hits you.
You die...
Pakellas says: Back to the drawing board!

#......?....#
#.
#...........#
#.#
#...........#
#.#
#...#########
#.# #...##
#.# #....#
#.#####)...#
#..........#
#......@o..#
#<.).......#
#.)........#
#......#####
########


You could see an orc.

Vanquished Creatures
  A giant frog zombie (D:3)
  2 orc priests (D:3)
  3 orc wizards
  5 adders
  An ooze (D:2)
  3 dart slugs (D:1)
  4 giant geckos
  An orc (D:3)
  2 ball pythons (D:3)
  4 giant cockroaches
  6 goblins
  3 hobgoblins
  9 jackals
  2 quokkas
  7 bats
  3 giant newts
  9 kobolds
  11 rats
76 creatures vanquished.

Vanquished Creatures (collateral kills)
  An orc wizard (D:4)
1 creature vanquished.

Grand Total: 77 creatures vanquished

Notes
Turn   | Place    | Note
--------------------------------------------------------------
     0 | D:1      | M4edhros the Octopode Artificer began the quest for the Orb.
     0 | D:1      | Reached XP level 1. HP: 13/13 MP: 3/3
    50 | D:1      | Reached skill level 2 in Stealth
    66 | D:1      | Reached skill level 3 in Stealth
    66 | D:1      | Reached XP level 2. HP: 16/18 MP: 4/4
   386 | D:1      | Reached skill level 4 in Stealth
   493 | D:1      | Reached XP level 3. HP: 18/23 MP: 5/5
  1226 | D:2      | Reached skill level 5 in Stealth
  1253 | D:2      | Reached XP level 4. HP: 28/28 MP: 6/6
  1639 | D:2      | Found a deep blue altar of Sif Muna.
  1642 | D:2      | Found an oddly glowing altar of Pakellas.
  1784 | D:2      | Reached skill level 6 in Stealth
  2040 | D:2      | Became a worshipper of Pakellas the Inventive
  2192 | D:3      | Reached XP level 5. HP: 31/33 MP: 7/7
  2243 | D:3      | Reached * piety under Pakellas
  2243 | D:3      | Reached skill level 7 in Stealth
  2542 | D:3      | Reached XP level 6. HP: 18/38 MP: 7/9
  3322 | D:4      | Reached skill level 5 in Evocations
  3384 | D:4      | Slain by an orc

Vault maps used:
D:1:      dpeg_arrival_rhombus
D:2:      grunt_temple_overflow_open
D:4:      minitemple, serial_shops, kennysheep_mini, first_bread

Skill      XL: |  1  2  3  4  5  6 |
---------------+-------------------+-----
Stealth        | 3 4 5 6 7 |  7.4
Evocations     | 4 5 |  5.3
Fighting       | |  1.0
Short Blades   | |  1.0
Dodging        | |  2.0

Action                   |  1- 3 |  4- 6 || total
-------------------------+-------+-------++-------
Melee: Short sword       |    61 |    48 ||   109
       Hunting sling     |       |    18 ||    18
       Unarmed           |       |    21 ||    21
 Fire: Hunting sling     |       |    42 ||    42
Invok: Quick Charge      |       |     1 ||     1
Evoke: Wand              |       |     7 ||     7
  Use: Scroll            |     2 |     5 ||     7
       Potion            |     1 |     3 ||     4
 Stab: Sleeping          |    12 |    14 ||    26
       Distracted        |     1 |       ||     1
  Eat: Chunk             |     1 |     7 ||     8
